Bruins vs Panthers

Created - February-27-13 at 18:31

Goals
1 2 3 T
Bruins 0 1 1 2
Panthers 0 1 0 1
Shots
1 2 3 T
Bruins 5 7 6 18
Panthers 4 9 5 18

1st period

No Goal

Penalties :
David Schlemko (BOS) for Boarding (Minor) at 16:13, Steve Downie (FLA) for Roughing (Minor) at 19:09

2nd period

1. Panthers , Carl Hagelin 7 (Niklas Kronwall, Brooks Orpik) at 3:43 (PP)
2. Bruins , Rich Peverley 14 (Evander Kane, Zdeno Chara) at 15:11 (PP)

Penalties :
Brad Marchand (BOS) for Hooking (Minor) at 2:06, Niklas Kronwall (FLA) for Roughing (Minor) at 8:59, Sam Gagner (FLA) for Holding (Minor) at 15:05, Milan Lucic (BOS) for Holding (Minor) at 17:22, Milan Lucic (BOS) for Hooking (Minor) at 19:26

3rd period

3. Bruins , Clarke MacArthur 5 (David Schlemko, Zach Hamill) at 6:45

Penalties :
Ed Jovanovski (FLA) for Roughing (Minor) at 4:34, Zach Bogosian (BOS) for Hooking (Minor) at 19:48

Goalie Stats

Cam Ward (BOS), 17 saves from 18 shots - (0.944), W, 31-18-4, 60:00 minutes
Semyon Varlamov (FLA), 16 saves from 18 shots - (0.889), L, 15-13-1, 60:00 minutes

Players Stats for Bruins

Player Name              G  A  P  +/- PIM S  H  SB GA TA FO     MP     PP MP  PK MP  
------------------------------------------------------------------------------------
Brad Marchand            0  0  0   0  2   4  5  0  0  0  1/4    22:25   3:12   1:53 
Chris Kelly              0  0  0   1  0   2  0  0  0  0  6/11   11:55   0:00   5:24 
Clarke MacArthur         1  0  1   1  0   1  0  0  0  0  0/0     6:59   0:00   0:28 
David Krejci             0  0  0   0  0   0  0  0  0  0  8/11   11:49   0:00   0:00 
David Schlemko           0  1  1   1  2   0  1  0  0  0  0/0    17:07   0:00   2:44 
Dennis Seidenberg        0  0  0   0  0   2  2  0  0  0  0/0    23:34   3:25   4:15 
Evander Kane             0  1  1   0  0   1  3  0  0  0  0/1    14:40   2:51   0:00 
Milan Lucic              0  0  0   0  4   1  0  0  0  0  0/1    10:29   0:00   0:00 
Nathan Horton            0  0  0   0  0   0  0  0  0  0  0/0    13:22   2:51   0:00 
Oliver Ekman-Larsson     0  0  0   0  0   1  2  0  0  0  0/0    19:23   2:38   0:51 
Patrice Bergeron         0  0  0   0  0   1  2  0  0  0  9/21   17:49   0:00   0:00 
Paul Postma              0  0  0   1  0   0  1  0  0  0  0/0    14:24   0:00   0:00 
Rich Peverley            1  0  1   0  0   1  0  0  0  0  3/7    20:04   2:51   5:24 
Ryan Nugent-Hopkins      0  0  0   0  0   0  0  0  0  0  7/14   13:43   3:12   0:00 
Tyler Seguin             0  0  0   0  0   1  1  0  0  0  0/1    20:33   3:12   0:00 
Zach Bogosian            0  0  0   0  2   2  1  0  0  0  0/0    21:28   2:38   3:25 
Zach Hamill              0  1  1   1  0   0  1  0  0  0  0/1     8:52   0:00   2:21 
Zdeno Chara              0  1  1   0  0   1  1  1  0  0  0/0    23:34   3:25   4:15 

Players Stats for Panthers

Player Name              G  A  P  +/- PIM S  H  SB GA TA FO     MP     PP MP  PK MP  
------------------------------------------------------------------------------------
Ales Hemsky              0  0  0   0  0   1  0  0  0  0  0/0    17:06   3:32   0:00 
Andy Greene              0  0  0   0  0   0  0  2  0  0  0/0    20:21   3:11   3:02 
Brooks Orpik             0  1  1   0  0   0  1  0  0  0  0/0    19:40   0:37   3:01 
Carl Hagelin             1  0  1   0  0   1  2  0  0  0  0/1    17:47   4:13   0:00 
Colin Greening           0  0  0  -1  0   1  1  0  0  0  0/0     6:54   0:00   0:00 
Dainius Zubrus           0  0  0   0  0   1  1  0  0  0  10/25  21:10   4:13   3:23 
David Booth              0  0  0   0  0   2  1  0  0  0  0/0    11:49   0:27   0:00 
Ed Jovanovski            0  0  0   0  2   1  2  0  0  0  0/0    14:08   0:00   0:35 
Kyle Quincey             0  0  0  -1  0   1  3  1  0  0  0/0    22:48   3:11   3:02 
Michal Handzus           0  0  0  -1  0   0  0  0  0  0  6/7     6:54   0:00   0:00 
Niklas Kronwall          0  1  1   0  2   3  0  1  0  0  0/0    23:02   4:34   2:26 
Pierre-Alexandr Parentea 0  0  0   0  0   0  7  0  0  0  0/0    18:08   3:46   0:00 
Ryan Smyth               0  0  0   0  0   0  0  0  0  0  0/0    20:34   3:32   2:40 
Sam Gagner               0  0  0   0  2   1  1  0  0  0  13/20  17:53   3:32   0:00 
Sheldon Souray           0  0  0  -1  0   0  0  0  0  0  0/0    19:59   3:57   0:00 
Steve Downie             0  0  0  -1  2   0  2  0  0  0  0/0     6:53   0:00   0:00 
Tom Pyatt                0  0  0   0  0   3  0  0  0  0  8/16   14:02   0:00   2:40 
Viktor Stalberg          0  0  0   0  0   3  2  0  0  0  1/3    14:45   0:00   3:23 

3 Stars

1 - Cam Ward (BOS)
2 - Carl Hagelin (FLA)
3 - Clarke MacArthur (BOS)

Power Play

Bruins - 1 on 4 Attempt(s) - 25.00%
Panthers - 1 on 5 Attempt(s) - 20.00%

Penalty Kill

Bruins - 4 on 5 Attempt(s) - 80.00% - Score 0 goal in Penalty Kill
Panthers - 3 on 4 Attempt(s) - 75.00% - Score 0 goal in Penalty Kill

Official

Referees : Brad Watson and Jean Hebert
Linesman : Steve Miller and Brad Kovachik

Game Notes

No Game Note

Finance

Level 1 -- Attendance: 6000 (100.00%) -- Ticket Income $660,000
Level 2 -- Attendance: 4724 (94.48%) -- Ticket Income $354,300
Level 3 -- Attendance: 3394 (96.97%) -- Ticket Income $203,640
Level 4 -- Attendance: 3011 (80.29%) -- Ticket Income $90,330
Luxury Box -- Attendance: 997 (99.70%) -- Ticket Income $179,460
Game was played at the BankAtlantic Center
Total Attendance: 18126 (94.16%)
Total Ticket Income: $1,487,730
Other Income: $223,160
Total Income: $1,710,890


% Time on Ice - Bruins

Lines # - Real PCT - Wanted PCT - Time Play
Normal Forward
1 - 38% - 40% - 17:21
2 - 26% - 30% - 11:49
3 - 23% - 20% - 10:31
4 - 14% - 10% - 6:31
Normal Defense
1 - 34% - 35% - 15:54
2 - 33% - 35% - 15:08
3 - 31% - 25% - 14:24
4 - 2% - 5% - 0:46
PP Forward
1 - 53% - 60% - 3:12
2 - 47% - 40% - 2:51
PP Defense
1 - 56% - 60% - 3:25
2 - 44% - 40% - 2:38
PK Forward
1 - 70% - 60% - 5:24
2 - 30% - 40% - 2:21
PK Defense
1 - 55% - 60% - 4:15
2 - 45% - 40% - 3:30
PK3 Forward
1 - 0% - 60%
2 - 0% - 40%
PK3 Defense
1 - 0% - 60%
2 - 0% - 40%
44 Forward
1 - 0% - 60%
2 - 0% - 40%
44 Defense
1 - 0% - 60%
2 - 0% - 40%
Last Minute Offensive  - 0:00
Last Minute Defensive  - 0:00
Total
Forward - 60:00
Defense - 60:00

% Time on Ice - Panthers

Lines # - Real PCT - Wanted PCT - Time Play
Normal Forward
1 - 31% - 32% - 14:21
2 - 29% - 30% - 13:34
3 - 25% - 25% - 11:22
4 - 15% - 13% - 6:54
Normal Defense
1 - 35% - 34% - 16:02
2 - 35% - 33% - 16:01
3 - 28% - 24% - 12:53
4 - 3% - 9% - 1:15
PP Forward
1 - 54% - 55% - 4:13
2 - 46% - 45% - 3:32
PP Defense
1 - 59% - 60% - 4:34
2 - 41% - 40% - 3:11
PK Forward
1 - 56% - 50% - 3:23
2 - 44% - 50% - 2:40
PK Defense
1 - 50% - 60% - 3:01
2 - 50% - 40% - 3:02
PK3 Forward
1 - 0% - 50%
2 - 0% - 50%
PK3 Defense
1 - 0% - 60%
2 - 0% - 40%
44 Forward
1 - 0% - 50%
2 - 0% - 50%
44 Defense
1 - 0% - 60%
2 - 0% - 40%
Last Minute Offensive  - 0:01
Last Minute Defensive  - 0:00
Total
Forward - 60:00
Defense - 60:00

Play by Play

1st period


0:01 of 1st period - Sam Gagner wins face-off versus Patrice Bergeron in neutral zone.
0:10 of 1st period - Shot by Ryan Smyth.
0:10 of 1st period - Deflect By Sam Gagner.
0:10 of 1st period - Stopped by Cam Ward without a rebound.
0:11 of 1st period - David Krejci wins face-off versus Dainius Zubrus in Bruins zone.
0:16 of 1st period - Sheldon Souray is hit by Evander Kane.
0:31 of 1st period - Rich Peverley is hit by Kyle Quincey.
0:56 of 1st period - Icing by Oliver Ekman-Larsson.
0:57 of 1st period - David Krejci wins face-off versus Tom Pyatt in Bruins zone.
1:48 of 1st period - David Schlemko is hit by Viktor Stalberg and loses puck.
3:20 of 1st period - Ryan Nugent-Hopkins is hit by Kyle Quincey and loses puck.
4:49 of 1st period - Shot by David Booth.
4:49 of 1st period - Stopped by Cam Ward without a rebound.
4:50 of 1st period - David Krejci wins face-off versus Sam Gagner in Bruins zone.
7:50 of 1st period - Icing by David Schlemko.
7:51 of 1st period - Michal Handzus wins face-off versus Ryan Nugent-Hopkins in Bruins zone.
8:02 of 1st period - Shot by Michal Handzus.
8:02 of 1st period - Shot Misses the Net.
8:14 of 1st period - Shot by Milan Lucic.
8:14 of 1st period - Stopped by Semyon Varlamov with a rebound.
8:56 of 1st period - David Schlemko is hit by Pierre-Alexandr Parenteau.
9:01 of 1st period - Paul Postma is hit by Pierre-Alexandr Parenteau.
9:10 of 1st period - Andy Greene is hit by Oliver Ekman-Larsson and loses puck.
9:21 of 1st period - Pierre-Alexandr Parenteau is hit by Dennis Seidenberg and loses puck.
10:07 of 1st period - Shot by Brad Marchand.
10:07 of 1st period - Stopped by Semyon Varlamov without a rebound.
10:08 of 1st period - David Krejci wins face-off versus Tom Pyatt in Panthers zone.
10:22 of 1st period - Icing by Niklas Kronwall.
10:23 of 1st period - Brad Marchand wins face-off versus Tom Pyatt in Panthers zone.
10:24 of 1st period - Shot by Tyler Seguin.
10:24 of 1st period - Stopped by Semyon Varlamov without a rebound.
10:25 of 1st period - Sam Gagner wins face-off versus Patrice Bergeron in Panthers zone.
10:25 of 1st period - Sam Gagner is hit by Patrice Bergeron.
10:28 of 1st period - Icing by Andy Greene.
10:29 of 1st period - Sam Gagner wins face-off versus Patrice Bergeron in Panthers zone.
10:49 of 1st period - Icing by Brad Marchand.
10:50 of 1st period - Patrice Bergeron wins face-off versus Carl Hagelin in Bruins zone.
10:56 of 1st period - Icing by Brad Marchand.
10:57 of 1st period - Dainius Zubrus wins face-off versus Brad Marchand in Bruins zone.
10:58 of 1st period - Shot by Ales Hemsky.
10:58 of 1st period - Stopped by Cam Ward without a rebound.
10:59 of 1st period - David Krejci wins face-off versus Dainius Zubrus in Bruins zone.
10:59 of 1st period - Evander Kane is hit by Dainius Zubrus and loses puck.
11:33 of 1st period - Off-side.
11:34 of 1st period - Patrice Bergeron wins face-off versus Tom Pyatt in neutral zone.
12:11 of 1st period - Brad Marchand is hit by Brooks Orpik and loses puck.
12:16 of 1st period - Shot by Brad Marchand.
12:16 of 1st period - Stopped by Semyon Varlamov without a rebound.
12:17 of 1st period - Sam Gagner wins face-off versus Rich Peverley in Panthers zone.
12:22 of 1st period - Zdeno Chara is hit by Pierre-Alexandr Parenteau and loses puck.
13:39 of 1st period - Off-side.
13:40 of 1st period - Patrice Bergeron wins face-off versus Dainius Zubrus in neutral zone.
13:43 of 1st period - Dainius Zubrus is hit by Brad Marchand.
13:46 of 1st period - Brooks Orpik is hit by Brad Marchand and loses puck.
14:05 of 1st period - Shot by Tyler Seguin.
14:05 of 1st period - Shot Misses the Net.
14:28 of 1st period - Icing by Dennis Seidenberg.
14:29 of 1st period - Michal Handzus wins face-off versus Patrice Bergeron in Bruins zone.
14:46 of 1st period - Icing by Oliver Ekman-Larsson.
14:47 of 1st period - Viktor Stalberg wins face-off versus Patrice Bergeron in Bruins zone.
15:34 of 1st period - Shot by Steve Downie.
15:34 of 1st period - Shot Misses the Net.
15:36 of 1st period - Shot by Niklas Kronwall.
15:36 of 1st period - Stopped by Cam Ward without a rebound.
15:37 of 1st period - Dainius Zubrus wins face-off versus Ryan Nugent-Hopkins in Bruins zone.
16:12 of 1st period - Dainius Zubrus is hit by Paul Postma and loses puck.
16:13 of 1st period - Minor Penalty to David Schlemko for Boarding.
16:14 of 1st period - Sam Gagner wins face-off versus Chris Kelly in Bruins zone.
17:15 of 1st period - Shot by Kyle Quincey.
17:15 of 1st period - Shot Misses the Net.
17:58 of 1st period - Icing by Ales Hemsky.
17:59 of 1st period - Sam Gagner wins face-off versus Zach Hamill in Panthers zone.
18:56 of 1st period - Off-side.
18:57 of 1st period - Michal Handzus wins face-off versus Patrice Bergeron in neutral zone.
19:09 of 1st period - Minor Penalty to Steve Downie for Roughing.
19:10 of 1st period - Tom Pyatt wins face-off versus Brad Marchand in Panthers zone.
19:45 of 1st period - Shot by Zdeno Chara.
19:45 of 1st period - Stopped by Semyon Varlamov without a rebound.
19:46 of 1st period - Tom Pyatt wins face-off versus Rich Peverley in Panthers zone.

2nd period


0:01 of 2nd period - Ryan Nugent-Hopkins wins face-off versus Tom Pyatt in neutral zone.
0:04 of 2nd period - Brooks Orpik is hit by Brad Marchand and loses puck.
0:11 of 2nd period - Shot by Niklas Kronwall.
0:11 of 2nd period - Stopped by Cam Ward without a rebound.
0:12 of 2nd period - Rich Peverley wins face-off versus Dainius Zubrus in Bruins zone.
0:25 of 2nd period - Shot by Dennis Seidenberg.
0:25 of 2nd period - Shot Misses the Net.
0:33 of 2nd period - Shot by Dennis Seidenberg.
0:33 of 2nd period - Shot Misses the Net.
0:35 of 2nd period - Shot by Dennis Seidenberg.
0:35 of 2nd period - Stopped by Semyon Varlamov without a rebound.
0:36 of 2nd period - Ryan Nugent-Hopkins wins face-off versus Tom Pyatt in Panthers zone.
0:47 of 2nd period - Shot by Oliver Ekman-Larsson.
0:47 of 2nd period - Shot Blocked by Andy Greene.
0:49 of 2nd period - Shot by Zach Bogosian.
0:49 of 2nd period - Shot Misses the Net.
0:51 of 2nd period - Shot by Zach Bogosian.
0:51 of 2nd period - Shot Misses the Net.
0:53 of 2nd period - Shot by Zach Bogosian.
0:53 of 2nd period - Stopped by Semyon Varlamov without a rebound.
0:54 of 2nd period - Dainius Zubrus wins face-off versus Rich Peverley in Panthers zone.
1:32 of 2nd period - Icing by Sheldon Souray.
1:33 of 2nd period - Patrice Bergeron wins face-off versus Sam Gagner in Panthers zone.
1:42 of 2nd period - Patrice Bergeron is hit by Pierre-Alexandr Parenteau and loses puck.
1:51 of 2nd period - Shot by Brad Marchand.
1:51 of 2nd period - Stopped by Semyon Varlamov with a rebound.
2:06 of 2nd period - Minor Penalty to Brad Marchand for Hooking.
2:07 of 2nd period - Dainius Zubrus wins face-off versus Chris Kelly in Bruins zone.
3:08 of 2nd period - Rich Peverley is hit by Sam Gagner and loses puck.
3:43 of 2nd period - Shot by Carl Hagelin.
3:43 of 2nd period - Goal by Carl Hagelin - Bruins : 0 - Panthers : 1.
3:44 of 2nd period - Michal Handzus wins face-off versus Patrice Bergeron in neutral zone.
4:01 of 2nd period - Shot by Steve Downie.
4:01 of 2nd period - Shot Misses the Net.
4:03 of 2nd period - Shot by Ed Jovanovski.
4:03 of 2nd period - Stopped by Cam Ward without a rebound.
4:04 of 2nd period - Tom Pyatt wins face-off versus Ryan Nugent-Hopkins in Bruins zone.
4:13 of 2nd period - Shot by David Booth.
4:13 of 2nd period - Shot Misses the Net.
4:17 of 2nd period - Shot by Tom Pyatt.
4:17 of 2nd period - Shot Misses the Net.
4:19 of 2nd period - Shot by Tom Pyatt.
4:19 of 2nd period - Stopped by Cam Ward with a rebound.
4:21 of 2nd period - Shot by Viktor Stalberg.
4:21 of 2nd period - Shot Misses the Net.
4:33 of 2nd period - Shot by Viktor Stalberg.
4:33 of 2nd period - Stopped by Cam Ward with a rebound.
4:35 of 2nd period - Shot by Viktor Stalberg.
4:35 of 2nd period - Shot Misses the Net.
4:43 of 2nd period - Shot by Tom Pyatt.
4:43 of 2nd period - Stopped by Cam Ward without a rebound.
4:44 of 2nd period - Dainius Zubrus wins face-off versus Patrice Bergeron in Bruins zone.
5:09 of 2nd period - Shot by Brad Marchand.
5:09 of 2nd period - Shot Misses the Net.
6:10 of 2nd period - Icing by Oliver Ekman-Larsson.
6:11 of 2nd period - David Krejci wins face-off versus Tom Pyatt in Bruins zone.
6:16 of 2nd period - Shot by Viktor Stalberg.
6:16 of 2nd period - Stopped by Cam Ward with a rebound.
6:26 of 2nd period - Shot by Rich Peverley.
6:26 of 2nd period - Shot Misses the Net.
7:11 of 2nd period - Shot by Chris Kelly.
7:11 of 2nd period - Stopped by Semyon Varlamov without a rebound.
7:12 of 2nd period - Sam Gagner wins face-off versus Patrice Bergeron in Panthers zone.
7:12 of 2nd period - Sam Gagner is hit by Brad Marchand.
7:22 of 2nd period - Off-side.
7:23 of 2nd period - Dainius Zubrus wins face-off versus Ryan Nugent-Hopkins in neutral zone.
7:38 of 2nd period - Shot by Carl Hagelin.
7:38 of 2nd period - Shot Blocked by Zdeno Chara.
7:54 of 2nd period - Shot by Dainius Zubrus.
7:54 of 2nd period - Stopped by Cam Ward without a rebound.
7:55 of 2nd period - Sam Gagner wins face-off versus Patrice Bergeron in Bruins zone.
8:10 of 2nd period - Shot by Patrice Bergeron.
8:10 of 2nd period - Shot Misses the Net.
8:34 of 2nd period - Shot by Brad Marchand.
8:34 of 2nd period - Shot Misses the Net.
8:52 of 2nd period - Shot by Evander Kane.
8:52 of 2nd period - Shot Blocked by Niklas Kronwall.
8:59 of 2nd period - Minor Penalty to Niklas Kronwall for Roughing.
9:00 of 2nd period - Rich Peverley wins face-off versus Dainius Zubrus in Panthers zone.
9:04 of 2nd period - Evander Kane is hit by Kyle Quincey and loses puck.
9:15 of 2nd period - Shot by Evander Kane.
9:15 of 2nd period - Stopped by Semyon Varlamov without a rebound.
9:16 of 2nd period - Dainius Zubrus wins face-off versus Ryan Nugent-Hopkins in Panthers zone.
9:22 of 2nd period - Icing by Ryan Nugent-Hopkins.
9:23 of 2nd period - Ryan Nugent-Hopkins wins face-off versus Dainius Zubrus in Bruins zone.
10:39 of 2nd period - Viktor Stalberg is hit by Zdeno Chara and loses puck.
11:54 of 2nd period - Sheldon Souray is hit by Zach Hamill.
12:27 of 2nd period - Icing by Ryan Smyth.
12:28 of 2nd period - Sam Gagner wins face-off versus David Krejci in Panthers zone.
12:28 of 2nd period - Sam Gagner is hit by Evander Kane.
12:48 of 2nd period - Icing by Kyle Quincey.
12:49 of 2nd period - Patrice Bergeron wins face-off versus Sam Gagner in Panthers zone.
12:55 of 2nd period - Icing by Ryan Smyth.
12:56 of 2nd period - Sam Gagner wins face-off versus Patrice Bergeron in Panthers zone.
12:56 of 2nd period - Sam Gagner is hit by Brad Marchand.
13:02 of 2nd period - Patrice Bergeron is hit by Pierre-Alexandr Parenteau.
13:15 of 2nd period - Dainius Zubrus is hit by Oliver Ekman-Larsson and loses puck.
13:37 of 2nd period - Andy Greene is hit by Tyler Seguin.
14:08 of 2nd period - Icing by Brooks Orpik.
14:09 of 2nd period - Tom Pyatt wins face-off versus David Krejci in Panthers zone.
14:28 of 2nd period - Shot by David Booth.
14:28 of 2nd period - Stopped by Cam Ward without a rebound.
14:29 of 2nd period - Ryan Nugent-Hopkins wins face-off versus Sam Gagner in Bruins zone.
14:29 of 2nd period - Ryan Nugent-Hopkins is hit by Pierre-Alexandr Parenteau.
15:05 of 2nd period - Minor Penalty to Sam Gagner for Holding.
15:06 of 2nd period - Rich Peverley wins face-off versus Viktor Stalberg in Panthers zone.
15:11 of 2nd period - Shot by Evander Kane.
15:11 of 2nd period - Deflect By Rich Peverley.
15:11 of 2nd period - Goal by Rich Peverley - Bruins : 1 - Panthers : 1.
15:12 of 2nd period - David Krejci wins face-off versus Dainius Zubrus in neutral zone.
16:19 of 2nd period - Shot by Tyler Seguin.
16:19 of 2nd period - Shot Misses the Net.
16:21 of 2nd period - Shot by Dennis Seidenberg.
16:21 of 2nd period - Stopped by Semyon Varlamov without a rebound.
16:22 of 2nd period - Sam Gagner wins face-off versus Patrice Bergeron in Panthers zone.
16:22 of 2nd period - Pierre-Alexandr Parenteau is hit by Patrice Bergeron and loses puck.
17:19 of 2nd period - Off-side.
17:20 of 2nd period - Dainius Zubrus wins face-off versus Ryan Nugent-Hopkins in neutral zone.
17:22 of 2nd period - Minor Penalty to Milan Lucic for Holding.
17:23 of 2nd period - Chris Kelly wins face-off versus Dainius Zubrus in Bruins zone.
17:23 of 2nd period - Chris Kelly is hit by Pierre-Alexandr Parenteau.
17:30 of 2nd period - Icing by Sheldon Souray.
17:31 of 2nd period - Chris Kelly wins face-off versus Dainius Zubrus in Panthers zone.
18:11 of 2nd period - Brad Marchand is hit by Carl Hagelin and loses puck.
19:11 of 2nd period - Off-side.
19:12 of 2nd period - Dainius Zubrus wins face-off versus Chris Kelly in neutral zone.
19:19 of 2nd period - Shot by Brooks Orpik.
19:19 of 2nd period - Shot Misses the Net.
19:26 of 2nd period - Minor Penalty to Milan Lucic for Hooking.
19:27 of 2nd period - Chris Kelly wins face-off versus Sam Gagner in Bruins zone.

3rd period


0:01 of 3rd period - Chris Kelly wins face-off versus Dainius Zubrus in neutral zone.
1:15 of 3rd period - Shot by Kyle Quincey.
1:15 of 3rd period - Stopped by Cam Ward without a rebound.
1:16 of 3rd period - Sam Gagner wins face-off versus Chris Kelly in Bruins zone.
1:29 of 3rd period - Shot by Tom Pyatt.
1:29 of 3rd period - Stopped by Cam Ward without a rebound.
1:30 of 3rd period - Tom Pyatt wins face-off versus Tyler Seguin in Bruins zone.
1:49 of 3rd period - Shot by Tyler Seguin.
1:49 of 3rd period - Shot Misses the Net.
2:01 of 3rd period - Shot by Patrice Bergeron.
2:01 of 3rd period - Stopped by Semyon Varlamov without a rebound.
2:02 of 3rd period - Ryan Nugent-Hopkins wins face-off versus Dainius Zubrus in Panthers zone.
3:08 of 3rd period - Icing by Oliver Ekman-Larsson.
3:09 of 3rd period - Patrice Bergeron wins face-off versus Sam Gagner in Bruins zone.
4:15 of 3rd period - Icing by Ed Jovanovski.
4:16 of 3rd period - Tom Pyatt wins face-off versus Evander Kane in Panthers zone.
4:34 of 3rd period - Minor Penalty to Ed Jovanovski for Roughing.
4:35 of 3rd period - Tom Pyatt wins face-off versus Rich Peverley in Panthers zone.
4:35 of 3rd period - Brooks Orpik is hit by Evander Kane and loses puck.
5:34 of 3rd period - Shot by Zach Bogosian.
5:34 of 3rd period - Stopped by Semyon Varlamov with a rebound.
5:36 of 3rd period - Shot by Ryan Nugent-Hopkins.
5:36 of 3rd period - Deflect By Brad Marchand.
5:36 of 3rd period - Stopped by Semyon Varlamov without a rebound.
5:37 of 3rd period - Ryan Nugent-Hopkins wins face-off versus Dainius Zubrus in Panthers zone.
5:50 of 3rd period - Shot by Oliver Ekman-Larsson.
5:50 of 3rd period - Shot Blocked by Kyle Quincey.
5:52 of 3rd period - Shot by Tyler Seguin.
5:52 of 3rd period - Shot Blocked by Andy Greene.
6:45 of 3rd period - Shot by Clarke MacArthur.
6:45 of 3rd period - Goal by Clarke MacArthur - Bruins : 2 - Panthers : 1.
6:46 of 3rd period - David Krejci wins face-off versus Dainius Zubrus in neutral zone.
7:47 of 3rd period - Shot by Clarke MacArthur.
7:47 of 3rd period - Shot Misses the Net.
8:16 of 3rd period - Icing by Andy Greene.
8:17 of 3rd period - Ryan Nugent-Hopkins wins face-off versus Dainius Zubrus in Panthers zone.
8:39 of 3rd period - Oliver Ekman-Larsson is hit by Ed Jovanovski and loses puck.
8:50 of 3rd period - Shot by Nathan Horton.
8:50 of 3rd period - Shot Misses the Net.
8:52 of 3rd period - Shot by Oliver Ekman-Larsson.
8:52 of 3rd period - Stopped by Semyon Varlamov without a rebound.
8:53 of 3rd period - Patrice Bergeron wins face-off versus Sam Gagner in Panthers zone.
9:17 of 3rd period - Icing by David Schlemko.
9:18 of 3rd period - Patrice Bergeron wins face-off versus Viktor Stalberg in Bruins zone.
9:18 of 3rd period - Patrice Bergeron is hit by David Booth.
11:09 of 3rd period - Shot by Colin Greening.
11:09 of 3rd period - Stopped by Cam Ward without a rebound.
11:10 of 3rd period - Michal Handzus wins face-off versus David Krejci in Bruins zone.
13:56 of 3rd period - Shot by Chris Kelly.
13:56 of 3rd period - Stopped by Semyon Varlamov without a rebound.
13:57 of 3rd period - Tom Pyatt wins face-off versus Chris Kelly in Panthers zone.
14:15 of 3rd period - Dennis Seidenberg is hit by Viktor Stalberg.
14:34 of 3rd period - Icing by Dennis Seidenberg.
14:35 of 3rd period - Chris Kelly wins face-off versus Michal Handzus in Bruins zone.
14:35 of 3rd period - Chris Kelly is hit by Steve Downie.
14:40 of 3rd period - Clarke MacArthur is hit by Colin Greening and loses puck.
14:55 of 3rd period - Shot by Steve Downie.
14:55 of 3rd period - Shot Misses the Net.
15:26 of 3rd period - Off-side.
15:27 of 3rd period - Dainius Zubrus wins face-off versus Milan Lucic in neutral zone.
16:52 of 3rd period - Zach Bogosian is hit by Ed Jovanovski.
17:48 of 3rd period - Shot by Viktor Stalberg.
17:48 of 3rd period - Stopped by Cam Ward without a rebound.
17:49 of 3rd period - Michal Handzus wins face-off versus Ryan Nugent-Hopkins in Bruins zone.
17:49 of 3rd period - Kyle Quincey is hit by David Schlemko and loses puck.
18:45 of 3rd period - Chris Kelly is hit by Steve Downie and loses puck.
18:56 of 3rd period - Shot by Niklas Kronwall.
18:56 of 3rd period - Stopped by Cam Ward without a rebound.
18:57 of 3rd period - Patrice Bergeron wins face-off versus Tom Pyatt in Bruins zone.
19:43 of 3rd period - David Booth is hit by Zach Bogosian and loses puck.
19:47 of 3rd period - Icing by Zach Bogosian.
19:48 of 3rd period - Sam Gagner wins face-off versus Brad Marchand in Bruins zone.
19:48 of 3rd period - Minor Penalty to Zach Bogosian for Hooking.
19:49 of 3rd period - Chris Kelly wins face-off versus Dainius Zubrus in Bruins zone.
19:49 of 3rd period - Chris Kelly is hit by Carl Hagelin.
19:58 of 3rd period - Dainius Zubrus is hit by Dennis Seidenberg and loses puck.


Output by the SimonT Hockey Simulator (STHS) for Stephane Roy -- Original Page W3C XHTML 1.0 Valid
Hockey Simulator - Hockey Simulation - Hockey Manager